 Dungeon Crawl Stone Soup version 0.19.0-11-g3fc08b3 (webtiles) character file.

118 Chiseanne the Magician (level 4, -1/30 HPs)
             Began as a Demonspawn Wizard on Nov 9, 2016.
             Slain by a river rat (5 damage)
             ... on level 3 of the Dungeon.
             The game lasted 00:05:02 (2967 turns).

Chiseanne the Magician (Demonspawn Wizard)          Turns: 2967, Time: 00:05:03

Health: -1/30      AC:  3    Str:  7    XL:     4   Next: 72%
Magic:  9/10       EV: 12    Int: 21    God:
Gold:   87         SH:  0    Dex: 11    Spells: 4 memorised, 2 levels left

rFire  . . .     SeeInvis .     a - +3 dagger (venom)
rCold  . . .     Gourm    .     g - +0 robe
rNeg   . . .     Faith    .     (no shield)
rPois  .         Spirit   .     b - +0 hat
rElec  .         Reflect  .     i - +0 cloak
rCorr  .         Harm     .     (no gloves)
MR     .....                    (no boots)
Stlth  +.........               (no amulet)
                                (no ring)
                                (no ring)

@: no status effects
A: powered by death 1, powered by pain 1
a: no special abilities


You were on level 3 of the Dungeon.
You were not hungry.

You visited 1 branch of the dungeon, and saw 3 of its levels.

You collected 87 gold pieces.

Inventory:

Hand Weapons
 a - a +3 dagger of venom (weapon)
 s - a +1 spear of piercing
Missiles
 j - 41 bolts
 k - 48 stones (quivered)
 m - 29 sling bullets
 n - 9 poisoned needles
 o - 16 arrows
 w - 6 tomahawks
Armour
 b - a +0 hat (worn)
 g - a +0 robe (worn)
 i - a +0 cloak (worn)
 t - a +1 shield of reflection
Jewellery
 e - a +2 ring of protection {unknown}
 q - a +4 ring of dexterity {unknown}
 u - a cursed amulet of inaccuracy {unknown}
Scrolls
 h - 2 scrolls of teleportation
Potions
 c - a potion of lignification
 f - a potion of curing {unknown}
 l - 2 potions of brilliance {unknown}
Comestibles
 d - 2 bread rations
 p - a meat ration
 r - a beef jerky
 v - 5 chunks of flesh


   Skills:
 - Level 1.7 Dodging
 - Level 1.7 Stealth
 * Level 4.1 Spellcasting
 * Level 3.3 Conjurations
   Level 1.0 Summonings
 - Level 0.8 Translocations


You had 2 spell levels left.
You knew the following spells:

 Your Spells              Type           Power        Failure   Level  Hunger
a - Magic Dart            Conj           ###.         3%          1    None
b - Mephitic Cloud        Conj/Pois/Air  #.......     24%         3    ###....
c - Conjure Flame         Conj/Fire      ##......     21%         3    ###....
d - Blink                 Tloc           N/A          14%         2    #......


Dungeon Overview and Level Annotations

Branches:
Dungeon (3/15)

Altars:
Nemelex Xobeh


Innate Abilities, Weirdness & Mutations

You regenerate a little health from kills.
You sometimes gain a little power by taking damage.


Message History

You hear the rapid rusting of a drain.
You hear the rapid rusting of a drain.
You enter the shallow water.
Moving in this stuff is going to be slow.
A river rat comes into view.
Some of the chunks of flesh in your inventory have rotted away.
The river rat closely misses you. The river rat completely misses you.
You hit the river rat but do no damage.
The river rat is poisoned.
The river rat bites you.
You closely miss the river rat. The river rat bites you!
* * * LOW HITPOINT WARNING * * *
Casting: Magic Dart
Confirm with . or Enter, or press ? or * to list all spells.
Aiming: Magic Dart
Press: ? - help, Shift-Dir - straight line, f - river rat
Aim: a river rat (poisoned)
The magic dart hits the river rat.
The river rat is moderately wounded.
The river rat bites you.
You die...

.....# ####.#
###########
##.########.........#
#.>.........#######.##
#..##########≈≈≈≈≈##.#
###..# #.#####÷#≈#
.....# #≈##≈ #≈#≈#
.....# #≈#r# #≈#≈#
####.# #≈#@# #≈#≈#
####.##### #≈#≈###.#≈#
.#.......# #.#≈...##≈#
#..#####.# #≈#######≈#
#..#
#.######≈≈≈≈≈≈≈###
#..#
#......#########.#
.#.# #.###...# #.##.#
...#####...[.#.#
#.##.###
##....)..###...#
#.##...#


You could see a river rat.

Vanquished Creatures
  3 adders
  An ooze (D:2)
  2 worms
  4 dart slugs
  2 leopard geckos
  9 orcs (D:3)
  5 giant cockroaches
  4 goblins
  5 hobgoblins
  2 jackals (D:2)
  9 bats
  2 frilled lizards
  6 kobolds
  8 rats
62 creatures vanquished.

Notes
Turn   | Place    | Note
-------+----------+-------------------------------------------
     0 | D:1      | Chiseanne the Demonspawn Wizard began the quest for the Orb.
     0 | D:1      | Reached XP level 1. HP: 13/13 MP: 4/4
   404 | D:1      | Gained mutation: You regenerate a little health from kills. [demonic ancestry]
   404 | D:1      | Reached XP level 2. HP: 19/19 MP: 1/6
  1275 | D:2      | Found a sparkling altar of Nemelex Xobeh.
  1284 | D:2      | Gained mutation: You sometimes gain a little power by taking damage. [demonic ancestry]
  1284 | D:2      | Reached XP level 3. HP: 20/24 MP: 3/7
  2179 | D:2      | Learned a level 3 spell: Mephitic Cloud
  2183 | D:2      | Learned a level 3 spell: Conjure Flame
  2186 | D:2      | Learned a level 2 spell: Blink
  2249 | D:2      | Reached XP level 4. HP: 30/30 MP: 7/9
  2706 | D:3      | Reached skill level 4 in Spellcasting
  2967 | D:3      | Slain by a river rat

Skill      XL: |  1  2  3  4 |
---------------+-------------+-----
Conjurations   | 2 3 |  3.3
Spellcasting   | 4 |  4.1
Dodging        | |  1.7
Stealth        | |  1.7
Summonings     | |  1.0
Translocations | |  0.8

Action                   |  1- 3 |  4- 6 || total
-------------------------+-------+-------++-------
Melee: Spear             |    12 |    17 ||    29
       Dagger            |       |    13 ||    13
 Cast: Magic Dart        |    97 |    40 ||   137
  Use: Scroll            |       |     5 ||     5
  Eat: Chunk             |     4 |     2 ||     6
Armor: Robe              |     4 |     3 ||     7
Dodge: Dodged            |    22 |    19 ||    41
